Cogmind - Beta 12 @@@ ROGUE MODE // 2023.03.23 @ 14:27:11 Player: Rohain Result: Destroyed by Y-54 Guardian with Gatling Laser Performance ------------- Evolutions (4) 2000 Regions Visited (8) 1600 Robots Destroyed (135) 675 Value Destroyed (4256) 4256 Prototype IDs (6) 120 Alien Tech Used (0) 0 Bonus (582) 582 TOTAL SCORE: 9233 Bonus ------- High Alert Combat Kills 202 Follower Combat Kills 40 Entered DSFs 500 Friendly Fire -160 Cogmind --------- Core Integrity 0/850 Matter 292/300 Energy 99/100 System Corruption 4% Temperature Cool (6) Movement Core (50) Location -6/Extension Parts ------- > --- POWER (1) -------- (None) > --- PROPULSION (4) --- (None) > --- UTILITY (6) ------ Machine Analyzer > --- WEAPON (4) ------- (None) > --- INVENTORY (5) ---- Enhanced Nuclear Core Light Angular Momentum Engine Improved Heat Sink Medium Storage Unit Sensor Array Peak State ------------ > --- POWER ------------ Neutrino Core > --- PROPULSION ------- Carbon-fiber Leg Carbon-fiber Leg Titanium Leg Improved Carbon-fiber Leg > --- UTILITY ---------- Advanced Heat Sink Advanced Heat Sink Advanced Heat Sink Large Storage Unit Machine Analyzer Improved Light Armor Plating > --- WEAPON ----------- Pulse Rifle Beamcaster Heavy Beamcaster Advanced Assault Cannon > --- INVENTORY -------- Nuclear Core Enhanced Nuclear Core Light Angular Momentum Engine Carbon-fiber Leg Titanium Leg Titanium Leg Myomer Leg Improved Heat Sink Advanced Heat Sink Medium Storage Unit Sensor Array Phase Shifter Improved Light Armor Plating Improved Shield Generator Heavy Missile Launcher [Rating: 64] Favorites ----------- Power Nuclear Core Engine Ion Engine Power Core Nuclear Core Propulsion Aluminum Leg Treads Light Treads Leg Aluminum Leg Flight Unit VTOL Module Utility Advanced Heat Sink Device Advanced Heat Sink Storage Small Storage Unit Processor Machine Analyzer Protection Improved Light Armor Plating Weapon Beam Rifle Energy Gun Beam Rifle Ballistic Gun Assault Rifle Ballistic Cannon Advanced Assault Cannon Launcher Heavy Missile Launcher Build | -11 -10 -9 -9 -8 -7 -7 -6 -6 ------- Run | Jun Mat Mat Sto Mat Fac DSF Fac Ext Slots Evolved 8 | . . 2 . 2 2 . 2 . Power . | . . . . . . . . . Propulsion 2 | . . 1 . 1 . . . . Utility 4 | . . 1 . . 2 . 1 . Weapon 2 | . . . . 1 . . 1 . Parts Attached 121 | 6 5 21 18 24 1 9 10 27 Power 14 | 1 1 5 3 2 . 1 . 1 Engine 9 | 1 1 4 3 . . . . . Core 5 | . . 1 . 2 . 1 . 1 Reactor . | . . . . . . . . . Propulsion 43 | 2 2 8 8 7 . 4 2 10 Treads 3 | . . . 2 1 . . . . Leg 38 | 2 2 7 6 6 . 4 2 9 Wheel . | . . . . . . . . . Hover . | . . . . . . . . . Flight 2 | . . 1 . . . . . 1 Utility 27 | 1 1 2 3 4 1 2 5 8 Device 15 | . . 2 2 3 1 . 3 4 Storage 3 | 1 . . 1 . . . 1 . Processor 2 | . 1 . . 1 . . . . Hackware . | . . . . . . . . . Protection 7 | . . . . . . 2 1 4 Artifact . | . . . . . . . . . Weapon 37 | 2 1 6 4 11 . 2 3 8 Energy Gun 30 | . 1 6 4 11 . 1 2 5 Energy Cannon . | . . . . . . . . . Ballistic Gun 3 | 2 . . . . . . . 1 Ballistic Cannon 2 | . . . . . . 1 . 1 Launcher 2 | . . . . . . . 1 1 Special Weapon . | . . . . . . . . . Impact Weapon . | . . . . . . . . . Slashing Weapon . | . . . . . . . . . Piercing Weapon . | . . . . . . . . . Special Melee Weapon . | . . . . . . . . . Unidentified Prototypes 3 | . . 2 . 1 . . . . Parts Lost 62 | . . 5 11 12 . 3 . 31 Power 8 | . . 2 3 1 . 1 . 1 Propulsion 25 | . . 2 7 5 . 1 . 10 Utility 11 | . . . 1 . . . . 10 Weapon 18 | . . 1 . 6 . 1 . 10 Highest Loss Streak 23 | . . 4 3 5 . 3 . 23 To Critical Strikes . | . . . . . . . . . Average Slot Usage (%) 91 | . 89 96 93 85 92 98 99 84 Engine 3 | . 14 4 10 . . . . . Core 4 | . . 6 . 8 7 7 6 5 Treads 1 | . . . 6 1 . . . . Leg 25 | . 28 30 22 24 30 29 26 22 Device 10 | . . 11 10 9 15 15 13 12 Storage 8 | . 14 11 11 9 7 7 6 5 Processor 8 | . 4 11 11 9 7 7 6 6 Protection 4 | . . . . . . 6 13 9 Energy Gun 18 | . 7 21 22 24 23 15 19 15 Ballistic Gun 2 | . 20 . . . . . . . Launcher 1 | . . . . . . . 6 2 Naked Turns . | . . . . . . . . . Heaviest Build 69 | 11 14 16 24 28 28 51 69 69 Greatest Support 72 | 20 20 30 40 45 45 69 72 72 Greatest Overweight (x) 12 | . . 4 6 8 . 1 . 12 Average Overweight (x) . | . . . . . . . . . Largest Inventory Capacity 15 | 8 8 8 10 10 10 10 15 15 Average Capacity 10 | 6 8 8 8 10 10 10 14 14 Most Carried 15 | 2 8 7 10 10 9 10 15 15 Average Carried 8 | . 5 4 5 8 9 8 12 13 Final Capacity 15 | 8 8 8 10 10 10 10 15 5 Final Carried 15 | 2 8 3 10 10 9 10 15 5 Class Distribution -------------------- 32% | Scavenger-Mutant 22% | Scavenger-Tank 19% | Mutant 11% | Scavenger-Skirmisher 10% | Tank Dominant Class ---------------- Mutant | -10/Materials Scavenger-Mutant | -9/Materials Scavenger-Mutant | -9/Storage Scavenger-Skirmisher | -8/Materials Scavenger-Skirmisher | -7/Factory Scavenger-Tank | -7/DSF Scavenger-Tank | -6/Factory Scavenger-Tank | -6/Extension Resources | -11 -10 -9 -9 -8 -7 -7 -6 -6 ----------- Run | Jun Mat Mat Sto Mat Fac DSF Fac Ext Matter Collected 1572 | 260 142 225 160 180 . 189 100 316 Remotely . | . . . . . . . . . Salvage Created 5263 | . 399 720 1420 1141 . 236 232 1115 Parts 221 | . 27 34 55 47 . 9 12 37 Haulers Intercepted 6 | . 1 1 2 1 . . 1 . Recyclers Shooed 3 | . . 1 1 . . . . 1 Parts Field Recycled . | . . . . . . . . . Retrieved Matter . | . . . . . . . . . Parts Self-Destructed . | . . . . . . . . . Prevented . | . . . . . . . . . Kills | -11 -10 -9 -9 -8 -7 -7 -6 -6 ------- Run | Jun Mat Mat Sto Mat Fac DSF Fac Ext Combat Hostiles Destroyed 109 | . 11 14 26 23 . 5 5 25 Guns 91 | . 11 13 24 23 . 3 5 12 Cannons 7 | . . . . . . 2 . 5 AOE 5 | . . . . . . . . 5 Classes Destroyed 15 | . 6 3 . 3 . 1 2 . Worker 1 | . 1 . . . . . . . Builder 4 | . . . . 3 . . . 1 Tunneler 1 | . . . . . . . 1 . Hauler 6 | . 1 1 2 1 . . 1 . Recycler 5 | . . 1 3 1 . . . . Mechanic 1 | . . . . 1 . . . . Operator 3 | . 1 . 1 . . . . 1 Watcher 4 | . 1 1 1 1 . . . . Swarmer 29 | . 6 3 5 7 . . 4 4 Grunt 48 | . 5 8 11 11 . 3 . 10 Duelist 3 | . . 1 . . . . . 2 Sentry 21 | . . 2 10 4 . . . 5 Specialist 2 | . . . . . . 2 . . Hunter 1 | . . . . 1 . . . . Programmer 1 | . . . . . . . 1 . Thug 3 | . . . . . . . . 3 Butcher 1 | . . . . . . . . 1 Guerrilla 1 | . . . . . . . . 1 Best Kill Streak 10 | . 4 5 4 6 . 2 5 10 Combat Bots Only 9 | . 3 4 3 5 . 2 5 9 Max Kills in Single Turn 4 | . 1 1 2 2 . 1 2 4 Gunslinging 1 | . . . 1 . . . 1 . Exploded 4 | . . . . . . . . 4 Melee . | . . . . . . . . . Uniques/NPCs Destroyed . | . . . . . . . . . Combat | -11 -10 -9 -9 -8 -7 -7 -6 -6 -------- Run | Jun Mat Mat Sto Mat Fac DSF Fac Ext Damage Taken 8344 | . 344 660 1471 1200 . 403 201 4065 Core 1442 | . 50 103 273 146 . 18 15 837 Absorbed by Shields 69 | . . . . . . . . 69 Regen/Repaired (Parts) 49 | . . . . . . . 49 . Core Remaining (%) 71 | 100 80 . 6 73 . 97 . . Volleys Fired 357 | . 38 52 101 65 . 14 14 73 Largest 4 | . 2 2 2 3 . 3 3 4 Hottest 267 | . 70 106 121 171 . 176 211 267 Shots Fired 815 | . 76 104 201 174 . 42 42 176 Gun 774 | . 76 104 201 174 . 28 42 149 Cannon 37 | . . . . . . 14 . 23 Launcher 4 | . . . . . . . . 4 Special . | . . . . . . . . . Kinetic 90 | . 51 . . . . 14 . 25 Thermal 712 | . 25 104 201 165 . 28 42 147 Explosive 4 | . . . . . . . . 4 Electromagnetic 9 | . . . . 9 . . . . Robot Hit Streak 52 | . 5 9 23 15 . 7 15 52 Robot Miss Streak 8 | . 3 3 3 8 . 3 1 4 Penetration Max . | . . . . . . . . . Secondary Targets 12 | . 2 1 4 1 . . 2 2 Max Gunslinging Chain 2 | . 1 1 1 1 . . 2 1 Shots Hit Robots 553 | . 46 69 155 104 . 20 31 128 Core Hits 254 | . 24 29 50 55 . 9 13 74 Critical Kills . | . . . . . . . . . Critical Parts Destroyed . | . . . . . . . . . Critical Strikes 48 | . . 5 18 11 . . 5 9 Burn 46 | . . 5 18 11 . . 5 7 Blast 2 | . . . . . . . . 2 Melee Attacks . | . . . . . . . . . Impact . | . . . . . . . . . Slashing . | . . . . . . . . . Piercing . | . . . . . . . . . Sneak Attacks . | . . . . . . . . . Combat Hostiles . | . . . . . . . . . Follow-up Attacks . | . . . . . . . . . Damage Inflicted 9715 | . 544 911 2284 1728 . 416 590 3242 Guns 8171 | . 544 911 2284 1640 . 219 590 1983 Cannons 649 | . . . . . . 197 . 452 Explosions 845 | . . . . 88 . . . 757 Melee . | . . . . . . . . . Ramming 50 | . . . . . . . . 50 Kinetic 1056 | . 369 . . . . 197 . 490 Thermal 7706 | . 175 911 2284 1582 . 219 590 1945 Explosive 757 | . . . . . . . . 757 Electromagnetic 146 | . . . . 146 . . . . Impact . | . . . . . . . . . Slashing . | . . . . . . . . . Piercing . | . . . . . . . . . Highest Corruption 4 | . . . . . . . . 4 Average Corruption 3 | . . . . . . . . 3 Corruption Purged . | . . . . . . . . . Corruption Blocked . | . . . . . . . . . Effects 2 | . . . . . . . . 2 Matter Fused 2 | . . . . . . . . 2 Overload Shots . | . . . . . . . . . Overflow Damage 10 | . . . . 1 . . . 9 Projectiles . | . . . . . . . . . Explosions 10 | . . . . 1 . . . 9 Melee . | . . . . . . . . . Knockbacks 7 | . . . . . . 1 . 6 Impact 1 | . . . . . . . . 1 Kinetic 5 | . . . . . . 1 . 4 Secondary 1 | . . . . . . . . 1 Self-Inflicted Damage 88 | . . . . 50 . . . 38 Shots 2 | . . . . 1 . . . 1 Rammed 16 | . . . . . . . . 16 Targets Rammed 16 | . . . . . . . . 16 Kicked . | . . . . . . . . . Crushed . | . . . . . . . . . Highest Temperature 369 | . 105 237 369 350 . . 126 214 Average Temperature 73 | . 31 38 89 92 . . 50 60 Received Heat Transfer 2454 | . 99 291 504 387 . 162 . 1011 Effects 4 | . . . . 4 . . . . Energy Bleed 2 | . . . . 2 . . . . Interference 2 | . . . . 2 . . . . Siege Activations . | . . . . . . . . . Robots Corrupted . | . . . . . . . . . Combat Hostiles . | . . . . . . . . . Parts Fried . | . . . . . . . . . Impact Corruptions . | . . . . . . . . . Robots Melted 7 | . . 1 2 . . . 1 3 Combat Hostiles 6 | . . 1 2 . . . . 3 Parts Melted 55 | . . 5 23 10 . . 6 11 Heat Transferred 22565 | . 518 2960 7141 4688 . 481 1775 5002 Parts Sabotaged . | . . . . . . . . . Parts Stolen . | . . . . . . . . . Parts Stripped . | . . . . . . . . . Power Chain Reactions 1 | . . . . 1 . . . . Missiles Intercepted . | . . . . . . . . . Alert | -11 -10 -9 -9 -8 -7 -7 -6 -6 ------- Run | Jun Mat Mat Sto Mat Fac DSF Fac Ext Peak Influence 503 | . 303 313 487 503 196 275 271 491 Initial 196 | . . 18 51 135 196 140 144 . Average 210 | . 133 140 326 354 196 178 148 124 Maximum Alert Level 2 | . 1 1 2 2 . 1 1 2 Low Security (%) 53 | 100 73 74 16 9 100 71 73 78 Level 1 33 | . 26 25 59 50 . 28 26 15 Level 2 13 | . . . 24 40 . . . 6 Level 3 . | . . . . . . . . . Level 4 . | . . . . . . . . . Level 5 . | . . . . . . . . . High Security . | . . . . . . . . . Max Security . | . . . . . . . . . Squads Dispatched 16 | . 2 1 4 3 . 1 1 4 Investigation 9 | . 1 1 3 2 . . . 2 Extermination . | . . . . . . . . . Reinforcement 7 | . 1 . 1 1 . 1 1 2 Assault . | . . . . . . . . . Garrison . | . . . . . . . . . Intercept . | . . . . . . . . . Searches Triggered . | . . . . . . . . . Construction Impeded 1 | . . . . . . . . 1 Haulers Reinforced . | . . . . . . . . . Active Scanning Responses . | . . . . . . . . . Cargo Convoy Interrupts . | . . . . . . . . . Stealth | -11 -10 -9 -9 -8 -7 -7 -6 -6 --------- Run | Jun Mat Mat Sto Mat Fac DSF Fac Ext Distress Signals 9 | . . 1 2 3 . . . 3 Communications Jammed . | . . . . . . . . . Distress Signals . | . . . . . . . . . Times Spotted 168 | . 16 23 31 37 . 7 7 47 Peak Tracking Total 13 | . 4 6 5 6 . 3 4 13 Tactical Retreats 17 | . . 2 3 5 . 2 . 5 Traps | -11 -10 -9 -9 -8 -7 -7 -6 -6 ------- Run | Jun Mat Mat Sto Mat Fac DSF Fac Ext Traps Triggered 10 | . . 2 2 2 . 1 1 2 Indirectly . | . . . . . . . . . Trap Hack Attempts . | . . . . . . . . . Triggered . | . . . . . . . . . Disarmed . | . . . . . . . . . Reprogrammed . | . . . . . . . . . Reused . | . . . . . . . . . Traps Extracted . | . . . . . . . . . Installed . | . . . . . . . . . Triggered . | . . . . . . . . . Machines | -11 -10 -9 -9 -8 -7 -7 -6 -6 ---------- Run | Jun Mat Mat Sto Mat Fac DSF Fac Ext Machines Disabled 2 | . . . . . . 1 . 1 Max in Single Turn 1 | . . . . . . 1 . 1 Machines Repaired . | . . . . . . . . . Machines Sabotaged . | . . . . . . . . . Overloaded Fab Kills . | . . . . . . . . . Hacking | -11 -10 -9 -9 -8 -7 -7 -6 -6 --------- Run | Jun Mat Mat Sto Mat Fac DSF Fac Ext Machines Accessed 28 | . 5 2 7 2 1 . 3 8 Terminals 26 | . 5 2 7 2 1 . 2 7 Fabricators . | . . . . . . . . . Repair Stations 1 | . . . . . . . 1 . Recycling Units 1 | . . . . . . . . 1 Scanalyzers . | . . . . . . . . . Garrison Access . | . . . . . . . . . Total Hacks 69 | . 19 3 18 4 1 . 6 18 Successful 32 | . 10 2 8 . 1 . 5 6 Failed 37 | . 9 1 10 4 . . 1 12 Catastrophic 5 | . 2 . 2 1 . . . . Database Lockouts . | . . . . . . . . . Manual 46 | . 17 3 12 4 . . 4 6 Terminals 63 | . 19 3 18 4 1 . 4 14 Fabricators . | . . . . . . . . . Repair Stations 2 | . . . . . . . 2 . Recycling Units 4 | . . . . . . . . 4 Scanalyzers . | . . . . . . . . . Garrison Access . | . . . . . . . . . Terminal Hacks 15 | . 5 1 4 . 1 . 2 2 Record 1 | . . . . . . . . 1 Prototype ID Bank 2 | . 1 . 1 . . . . . Open Door 1 | . . . . . . . . 1 Open DSF 1 | . . . . . 1 . . . Level Access Points 1 | . . . 1 . . . . . Branch Access Points 1 | . . . . . . . 1 . Unreport Threat 4 | . 2 1 1 . . . . . Locate Traps 1 | . 1 . . . . . . . Registered Components 1 | . 1 . . . . . . . Zone Layout 2 | . . . 1 . . . 1 . Fabricator Hacks . | . . . . . . . . . Repair Station Hacks 2 | . . . . . . . 2 . Scan Component 1 | . . . . . . . 1 . Repair 1 | . . . . . . . 1 . Recycling Unit Hacks 1 | . . . . . . . . 1 Report Inventory 1 | . . . . . . . . 1 Scanalyzer . | . . . . . . . . . Garrison Access Hacks . | . . . . . . . . . Unauthorized Hacks 14 | . 5 1 4 . . . 1 3 Terminals 14 | . 5 1 4 . . . 1 3 Botnet 14 | . 5 1 4 . . . 1 3 Fabricators . | . . . . . . . . . Repair Stations . | . . . . . . . . . Recycling Units . | . . . . . . . . . Scanalyzers . | . . . . . . . . . Garrison Access . | . . . . . . . . . Data Cores Recovered 1 | . . . . . . . . 1 Used . | . . . . . . . . . Hacking Detections 20 | . 4 . 7 2 1 . 2 4 Full Trace Events 5 | . 1 . 3 . . . . 1 Feedback Events . | . . . . . . . . . Feedback Blocked . | . . . . . . . . . Robot Schematics Acquired . | . . . . . . . . . Robots Built . | . . . . . . . . . Authchips . | . . . . . . . . . Time . | . . . . . . . . . Total Robot Build Rating . | . . . . . . . . . Part Schematics Acquired . | . . . . . . . . . Parts Built . | . . . . . . . . . Authchips . | . . . . . . . . . Time . | . . . . . . . . . Total Part Build Rating . | . . . . . . . . . Parts Repaired 1 | . . . . . . . 1 . Time 38 | . . . . . . . 38 . Parts Recycled . | . . . . . . . . . Recycled Matter . | . . . . . . . . . Retrieved Matter . | . . . . . . . . . Retrieved Components . | . . . . . . . . . Parts Scanalyzed . | . . . . . . . . . Part Schematics Acquired . | . . . . . . . . . Parts Damaged . | . . . . . . . . . Bothacking | -11 -10 -9 -9 -8 -7 -7 -6 -6 ------------ Run | Jun Mat Mat Sto Mat Fac DSF Fac Ext Used RIF Installer . | . . . . . . . . . Robots Hacked . | . . . . . . . . . Non-combat . | . . . . . . . . . Combat . | . . . . . . . . . Robot Hacks Applied . | . . . . . . . . . Relay Couplers Released . | . . . . . . . . . Fabnet Peak Effective % . | . . . . . . . . . Robots Rewired . | . . . . . . . . . Allies Hacked . | . . . . . . . . . Hacks Repelled . | . . . . . . . . . Allies | -11 -10 -9 -9 -8 -7 -7 -6 -6 -------- Run | Jun Mat Mat Sto Mat Fac DSF Fac Ext Total Allies 2 | . . . . . . . . 2 Largest Group 2 | . . . . . . . . 2 Highest-Rated Group 78 | . . . . . . . . 78 Highest-Rated Ally 39 | . . . . . . . . 39 Total Orders . | . . . . . . . . . Ally Attacks 9 | . . . . . . . . 9 Total Damage 221 | . . . . . . . . 221 Kills 1 | . . . . . . . . 1 Allies Corrupted . | . . . . . . . . . Allies Melted . | . . . . . . . . . Intel | -11 -10 -9 -9 -8 -7 -7 -6 -6 ------- Run | Jun Mat Mat Sto Mat Fac DSF Fac Ext Robot Analysis Total . | . . . . . . . . . Derelict Logs Recovered . | . . . . . . . . . Drone Launches . | . . . . . . . . . Drone Recoveries . | . . . . . . . . . Exploration | -11 -10 -9 -9 -8 -7 -7 -6 -6 ------------- Run | Jun Mat Mat Sto Mat Fac DSF Fac Ext Turns Passed 4830 | 87 490 591 816 930 31 189 801 895 Spaces Moved 2620 | 68 278 303 318 455 26 88 548 536 Core 138 | 7 . 2 4 1 . . . 124 Treads 114 | . . . 90 24 . . . . Legs 2362 | 61 278 301 224 430 26 88 548 406 Wheels . | . . . . . . . . . Hover . | . . . . . . . . . Flight 6 | . . . . . . . . 6 Fastest Speed 35 | 50 120 120 120 120 120 120 125 35 Average Speed 124 | 112 120 122 135 139 120 124 125 109 Slowest Speed 650 | 120 120 250 350 450 120 190 127 650 Overloaded Moves . | . . . . . . . . . Propulsion Burnouts . | . . . . . . . . . Robots Hopped . | . . . . . . . . . Cave-ins Triggered . | . . . . . . . . . Exploration Rate (%) 36 | 5 49 30 61 49 2 58 16 57 Regions Visited 8 Branch Regions 2 Pre-discovered Areas . | . . . . . . . . . Known Exits Taken 5 | . 1 1 1 . 1 . 1 . Unknown Exits Taken 2 | 1 . . . 1 . . . . Scrap Searched . | . . . . . . . . . Spaces Dug . | . . . . . . . . . Terrain Destroyed 51 | . . . . 2 . . . 49 Melee . | . . . . . . . . . Projectile 4 | . . . . . . . . 4 AOE 47 | . . . . 2 . . . 45 Terrain Rammed . | . . . . . . . . . Walls Destroyed . | . . . . . . . . . Machines Disabled . | . . . . . . . . . Actions | -11 -10 -9 -9 -8 -7 -7 -6 -6 --------- Run | Jun Mat Mat Sto Mat Fac DSF Fac Ext Total 3453 | 75 361 420 496 613 26 137 627 698 Wait 251 | . 31 31 46 49 . 18 45 31 Move 2612 | 67 277 302 317 454 25 87 547 536 Hop . | . . . . . . . . . Pick Up 35 | 2 6 2 5 10 . 3 4 3 Fast Attach 53 | 6 2 10 12 10 . 3 2 8 Attach 34 | . . 9 . 8 1 2 2 12 Detach 2 | . . 1 . . . 1 . . Swap 34 | . 3 2 6 6 . 4 6 7 Drop 43 | . 4 11 4 11 . 5 2 6 Fire 357 | . 38 52 101 65 . 14 14 73 Melee . | . . . . . . . . . Ram 16 | . . . . . . . . 16 Kick . | . . . . . . . . . Crush . | . . . . . . . . . Escape Stasis 15 | . . . 5 . . . 5 5 Rewire 1 | . . . . . . . . 1 Trap . | . . . . . . . . . Miscellaneous . | . . . . . . . . . Route ------- -11/Junkyard -10/Materials (discovered 3 exits: *Mat x2 / [*Min]) -9/Materials (discovered 2 exits: *Min / *Sto) -9/Storage -8/Materials (discovered 2 exits: *Fac x2) -7/Factory -7/DSF -6/Factory (discovered 4 exits: Low x2 / *Ext x2) -6/Extension History --------- Turn | Location | Event 9 | -11/Junkyard | Discovered new exit (range 15) 88 | -11/Junkyard | Entered Materials 88 | -10/Materials | Discovered new exit (range 14) 191 | -10/Materials | Discovered new exit (range 7) 323 | -10/Materials | Build established: Mutant 368 | -10/Materials | Discovered new exit (range 10) 470 | -10/Materials | Identified exit to Materials 578 | -10/Materials | Entered another Materials area 578 | -9/Materials | Evolved 2 slots: Propulsion x1, Utility x1 1005 | -9/Materials | Discovered new exit (range 13) 1019 | -9/Materials | Identified exit to Mines 1030 | -9/Materials | Build established: Scavenger-Mutant 1031 | -9/Materials | Discovered new exit (range 12) 1103 | -9/Materials | Lost 4 parts (1p2n1w) 1159 | -9/Materials | Identified exit to Storage 1169 | -9/Materials | Entered Storage 1350 | -9/Storage | Lost 3 parts (1p1n1u) 1434 | -9/Storage | Core integrity fell below 50% 1482 | -9/Storage | Core integrity fell below 20% 1584 | -9/Storage | Identified exit to Materials 1985 | -9/Storage | Entered Materials 1985 | -8/Materials | Evolved 2 slots: Propulsion x1, Weapon x1 2297 | -8/Materials | Discovered new exit (range 5) 2400 | -8/Materials | Build established: Scavenger-Skirmisher 2558 | -8/Materials | Lost 5 parts (1p2n2w) 2646 | -8/Materials | Lost 3 parts (3w) 2877 | -8/Materials | Discovered new exit (range 15) 2915 | -8/Materials | Entered Factory 2915 | -7/Factory | Evolved 2 slots: Utility x2 2946 | -7/Factory | Identified exit to DSF 2946 | -7/Factory | Entered DSF 2984 | -7/DSF | Additional patrols routed to DSF 3018 | -7/DSF | Discovered new exit (range 16) 3022 | -7/DSF | Lost 3 parts (1p1n1w) 3135 | -7/DSF | Entered Factory 3135 | -6/Factory | Evolved 2 slots: Utility x1, Weapon x1 3272 | -6/Factory | Build established: Scavenger-Tank 3413 | -6/Factory | Discovered new exit (range 13) 3489 | -6/Factory | Repaired Pulse Rifle 3711 | -6/Factory | Identified exit to Lower Caves 3711 | -6/Factory | Identified exit to Extension 3936 | -6/Factory | Entered Extension 4030 | -6/Extension | Spotted B-75 Beast 4040 | -6/Extension | Build established: Tank 4535 | -6/Extension | Lost 5 parts (1n2u2w) 4561 | -6/Extension | Disrupted transfer network 4630 | -6/Extension | Rescued a captive Derelict 4631 | -6/Extension | Rescued a captive Derelict 4707 | -6/Extension | Destroyed 9 combat bots 4709 | -6/Extension | Spotted B-75 Beast 4762 | -6/Extension | Core integrity fell below 50% 4784 | -6/Extension | Lost 23 parts (1p8n8u6w) 4816 | -6/Extension | Core integrity fell below 20% 4831 | -6/Extension | Destroyed by Y-54 Guardian with Gatling Laser Last Messages --------------- 04809_ U-05 Engineer lays Concrete. 04810_ System corrupted: Matter fused (-10). 04810_ Acquired 20 matter. 04811_ G-50 Soldier suffers critical hit (Burn). 04812_ Knocked back. 04812_ VTOL Module destroyed. 04815_ U-05 Engineer builds a Wall. 04815_ U-05 Engineer knocked back. 04816_ U-05 Engineer builds a Wall. 04825_ System corrupted: Matter fused (-8). 04828_ O-24 Administrator sends out distress signal. 04828_ O-24 Administrator: "IFF HANDSHAKE FAILED. SECURING TERMINAL." 04828_ R-10 Processor inserts Autogun into recycling unit. 04829_ Recycling unit begins recycling process. 04831_ O-24 Administrator uses terminal to summon reinforcements. 04831_ ALERT: Hostiles spotted, dispatching reinforcements to Terminal E014. 04831_ O-24 Administrator locks terminal. Map ----- +----------------------------------------------------+ | | | | | | | | | | | | | | | | | | | ?????????????????????????????????????????????????? | | ?????????????????????????????????????????????????? | | ?????????????????????????????????????????????????? | | ?????????????????????#"""""#?????????????????????? | | ####??????????????####""T""#########?????????????? | | #?????????????## o ????????????? | | #?????????????"" ????????????? | | #?????????????"Y / ????????????? | | #?????????????""R ?????????????? | | ## #??????????????# ??????????????? | | ?# ####????????#### !]! ???????????????? | | ?# #????????# !] ?????????????????? | | ?# #????????# !! ! s #??????????????????? | | ## #????????# sss#??????????????????? | | #????????# [ #??????#???????????? | | ##### #????????# !! # #???????????? | | ????# #????????# [ !@ /Y hg #???????????? | | ????# #????????# ! # Ygg #???????????? | | ????# #????????# ###### #T#####??????#???????????? | | ????# #????????# #????# ###??????????????????????? | | ????# #????????# #????# #????????????????????????? | | ????# #????????# #????# #????????????????????????? | | ???## #????????# #????# #????????????????????????? | | ??##"!##???????# #????# #????????????????????????? | | ###T# "#???????# ###### #????????????????????????? | | # % %####?????# #????????????????????????? | | # =# #% ###???# ########????????????????????????? | | ###%#%# #???# #???????????????????????????????? | | ?# %#%#% ##???# #???????????????????????????????? | | ## #%# #????# #???????????????????????????????? | | # %#%# ####?# #???????????????????????????????? | | # ###%##" #" ### ###?????????????????????????????? | | # # % % "" ""#?????????????????????????????? | | # # %" ##????????????????????????????? | | ### %% % "#????????????????????????????? | | # #% % ##????????????????????????????? | | ###[ % #?????????????????????????????? | | %* % ???????????????????????????? | | ?????????????????????????? | | ???????????????????????? | | ??????????????????????? | +----------------------------------------------------+ Best States ------------- Heat Dissipation 94 Energy Generation 19 Energy Capacity 315 Matter Stores 300 Matter Capacity 300 Sight Range 16 Robot Scan Range 14 Terrain Scan Density 10 Armor Coverage 375 Resistance: KI 30 Phase Shifting 5 Evasion (%) 63 Recoil Reduction 2 Item Schematics ----------------- None Robot Schematics ------------------ None Fabricated ------------ Nothing Alien Tech Used ----------------- None Achievements -------------- None Challenges ------------ None Game ------ Seed CoreAssemblyStreamer Manual? 0 Play Time 00:45:46 Cumulative 21.4 hours Start 2023.03.23 @ 13:40:31 End 2023.03.23 @ 14:27:11 Sessions 1 Manual Loads 0 Difficulty Rogue Special Mode None Game No. 37 Rogue 21 Adventurer 16 Explorer 0 Win Type - Total 0 Types 0/0/0/0/0/0/0/0/0 Lore% 17 Gallery% 31 Achievement% 32 Wizard Run 0 Options --------- ASCII 0 Keyboard 0 Movement Mouse Keybinds 0 Fullscreen 1 Font 20/SmallcapsGlow Map View 66x50 Tactical HUD 1 Map Filters NONE Filters NONE Steam X RUN: 4132988a-9c64-4039-b521-aa90a04ec0f0